 Dungeon Crawl Stone Soup version 0.23.1 (webtiles) character file.

Game seed: 132050932986960964

3843 nikopol the Spear-Bearer (level 9, -10/82 HPs)
             Began as a Minotaur Berserker on Mar 2, 2019.
             Was an Elder of Trog.
             Splashed by Joseph's acid (12 damage)
             ... on level 8 of the Dungeon.
             The game lasted 00:10:33 (5492 turns).

nikopol the Spear-Bearer (Minotaur Berserker)       Turns: 5492, Time: 00:10:34

Health: -10/82     AC: 11    Str: 30    XL:     9   Next: 98%
Magic:  8/8        EV: 12    Int:  4    God:    Trog [****..]
Gold:   181        SH:  0    Dex: 10    Spells: 8/8 levels left

rFire    . . .     SeeInvis .   A - +0 trident (protect)
rCold    . . .     Gourm    .   (no shield)
rNeg     + + .     Faith    .   d - +0 scale mail {rN+}
rPois    .         Spirit   .   r - +1 hat
rElec    .         Reflect  .   (no cloak)
rCorr    .         Harm     .   (no gloves)
MR       .....                  t - +2 pair of boots
Stlth    +.........             (no amulet)
HPRegen  0.23/turn              o - +5 ring of strength
MPRegen  0.11/turn              K - ring of positive energy

@: corroded, protection aura
A: retaliatory headbutt, horns 2
a: Berserk, Trog's Hand, Brothers in Arms, Renounce Religion


You were on level 8 of the Dungeon.
You worshipped Trog.
Trog was greatly pleased with you.
You were hungry.

You visited 1 branch of the dungeon, and saw 8 of its levels.

You collected 473 gold pieces.
You spent 292 gold pieces at shops.

Inventory:

Hand Weapons
 A - a +0 trident of protection (weapon)
 F - a +2 flail of holy wrath
Missiles
 B - 98 arrows
Armour
 d - a +0 scale mail of positive energy (worn)
 r - a +1 hat (worn)
 s - a +0 scale mail
 t - a +2 pair of boots (worn)
Jewellery
 o - a +5 ring of strength (left hand)
 K - a ring of positive energy (right hand)
Wands
 a - a wand of flame (21)
Scrolls
 g - 3 scrolls of fear
 h - a scroll of enchant weapon {unknown}
 k - 4 scrolls of remove curse {unknown}
 l - a scroll of enchant armour {unknown}
 m - 9 scrolls of teleportation
 p - 2 scrolls of fog {unknown}
 x - 3 scrolls of magic mapping
 I - a scroll of random uselessness {unknown}
 J - a scroll of noise {unknown}
Potions
 e - a potion of agility
 i - a potion of resistance
 j - 6 potions of curing
 n - 2 potions of haste
 q - 2 potions of magic
 u - 2 potions of heal wounds
 v - a potion of degeneration
 w - a potion of cancellation
 z - a potion of mutation
 C - 2 potions of might
 E - 2 potions of lignification
 H - a potion of ambrosia {unknown}
Comestibles
 b - 7 chunks of flesh
 c - 22 rations


   Skills:
 + Level 8.3 Fighting
 + Level 12.2 Polearms
 + Level 7.9 Armour
 + Level 4.6 Dodging
 + Level 3.0 Stealth


You had 8 spell levels left.
You didn't know any spells.
Your spell library was empty.

Dungeon Overview and Level Annotations

Branches:
Dungeon (8/15)             Temple (0/1) D:7
   Lair: D:8-11

Altars:
Ashenzari
Dithmenos
Fedhas
Ru
Trog
Xom

Shops:
D:5 }!?

Annotations:
D:8 Joseph


Innate Abilities, Weirdness & Mutations

You reflexively headbutt those who attack you in melee.
You have a pair of horns on your head.


Message History

Joseph zaps a wand.
The bolt of acid hits you. The acid corrodes you!
You are splashed with acid!
You are too injured to fight recklessly!
You are too injured to fight recklessly!
You are too injured to fight recklessly!
You barely miss Joseph.
Joseph is severely wounded.
Joseph hits you with a +0 quarterstaff.
You hit Joseph. You headbutt Joseph, but do no damage.
Joseph is severely wounded.
You puncture Joseph!
Joseph is almost dead.
Joseph hits you with a +0 quarterstaff.
* * * LOW HITPOINT WARNING * * *
You barely miss Joseph. You headbutt Joseph.
Joseph is almost dead.
Joseph zaps a wand.
The bolt of acid hits you!!
* * * LOW HITPOINT WARNING * * *
The acid corrodes you!
You are splashed with acid!
You die...

..................#
.#######..P.......#######
########....:....#
#.........# #..........
##.......... #...........
#...@######. ##.@.# #)..#
#†..# ##...# #.†.## #.†##
#####..##### +.)'.......#
#..'P..###.#


You could see Joseph.

Vanquished Creatures
  A two-headed ogre (D:8)
  Sigmund (D:6)
  A human (D:7)
  A yak (D:7)
  3 hogs (D:7)
  A hungry ghost (D:7)
  Menkaure (D:4)
  3 ice beasts
  A sky beast (D:6)
  A black bear (D:6)
  2 phantoms
  A necrophage (D:7)
  2 ogres
  2 bullfrogs
  A jelly (D:7)
  2 howler monkeys (D:8)
  A centaur zombie (D:6)
  4 crimson imps
  An orc priest (D:7)
  5 hounds
  4 orc wizards
  2 centaur skeletons (D:4)
  Ijyb (D:4)
  2 iguanas
  5 worker ants
  A hound skeleton (D:4)
  A worker ant zombie (D:6)
  Robin (D:4)
  12 adders
  2 shadow imps
  2 adder skeletons
  2 worms (D:2)
  5 dart slugs
  5 leopard geckos
  17 orcs
  3 ball pythons
  2 giant cockroaches
  14 goblins
  13 hobgoblins
  6 jackals
  4 kobolds
  5 quokkas
  5 bats
  3 frilled lizards
  2 leopard gecko skeletons
  12 rats
166 creatures vanquished.

Notes
Turn   | Place    | Note
-------+----------+-------------------------------------------
     0 | D:1      | nikopol the Minotaur Berserker began the quest for the Orb.
     0 | D:1      | Reached XP level 1. HP: 19/19 MP: 0/0
    64 | D:1      | Reached XP level 2. HP: 24/27 MP: 1/1
   165 | D:1      | Reached skill level 4 in Polearms
   289 | D:1      | Reached ** piety under Trog
   325 | D:1      | Reached XP level 3. HP: 32/33 MP: 2/2
   411 | D:2      | Found a shattered altar of Ashenzari.
  1047 | D:2      | Reached XP level 4. HP: 41/41 MP: 3/3
  1537 | D:3      | Reached skill level 5 in Polearms
  1599 | D:3      | Found a sacrificial altar of Ru.
  1781 | D:3      | Reached XP level 5. HP: 40/47 MP: 4/4
  2116 | D:4      | Reached *** piety under Trog
  2202 | D:4      | Reached skill level 5 in Fighting
  2202 | D:4      | Reached skill level 6 in Polearms
  2202 | D:4      | Reached skill level 1 in Stealth
  2202 | D:4      | Reached XP level 6. HP: 56/56 MP: 5/5
  2325 | D:4      | Noticed Robin
  2360 | D:4      | Killed Robin
  2556 | D:4      | Noticed Menkaure
  2562 | D:4      | Killed Menkaure
  2562 | D:4      | Reached skill level 7 in Polearms
  2562 | D:4      | Reached XP level 7. HP: 61/61 MP: 6/6
  2963 | D:4      | Found a blossoming altar of Fedhas.
  3050 | D:4      | Noticed Ijyb
  3054 | D:4      | Killed Ijyb
  3169 | D:5      | Entered Level 5 of the Dungeon
  3298 | D:5      | Reached skill level 8 in Polearms
  3505 | D:5      | Found Cozeics's Magic Scroll Emporium.
  3513 | D:5      | Bought a scroll of teleportation for 45 gold pieces
  3513 | D:5      | Bought a scroll of magic mapping for 52 gold pieces
  3513 | D:5      | Bought a scroll of teleportation for 45 gold pieces
  3513 | D:5      | Bought a scroll of identify for 30 gold pieces
  3568 | D:5      | Found Tush's Distillery.
  3575 | D:5      | Bought a potion of curing for 30 gold pieces
  3575 | D:5      | Bought a potion of heal wounds for 50 gold pieces
  3575 | D:5      | Bought a potion of might for 40 gold pieces
  3654 | D:5      | Found a shadowy altar of Dithmenos.
  3654 | D:5      | Found a bloodstained altar of Trog.
  3738 | D:5      | Found Bohaneck's Gadget Shop.
  3785 | D:5      | Reached skill level 5 in Armour
  3932 | D:6      | Reached XP level 8. HP: 70/70 MP: 7/7
  4011 | D:6      | Noticed Sigmund
  4017 | D:6      | Reached **** piety under Trog
  4028 | D:6      | Killed Sigmund
  4028 | D:6      | Reached skill level 9 in Polearms
  4549 | D:7      | Reached skill level 10 in Polearms
  4718 | D:7      | Reached XP level 9. HP: 79/79 MP: 8/8
  4724 | D:7      | Found a staircase to the Ecumenical Temple.
  5021 | D:7      | Found a shimmering altar of Xom.
  5022 | D:7      | Found a shimmering altar of Xom.
  5030 | D:7      | Found a shimmering altar of Xom.
  5030 | D:7      | Found a shimmering altar of Xom.
  5168 | D:7      | Reached skill level 11 in Polearms
  5439 | D:8      | Noticed a two-headed ogre
  5446 | D:8      | Killed a two-headed ogre
  5446 | D:8      | Reached skill level 12 in Polearms
  5476 | D:8      | Noticed Joseph
  5492 | D:8      | HP: 2/82 [Joseph/wand of acid (7) (22)]
  5492 | D:8      | Splashed by Joseph's acid

Skill      XL: |  1  2  3  4  5  6  7  8  9 |
---------------+----------------------------+-----
Fighting       | 4 5 6 7 8 |  8.3
Polearms       | 4 5 6 7 8 10 12 | 12.2
Armour         | 3 4 5 6 7 |  7.9
Dodging        | 3 4 |  4.6
Stealth        | 1 3 |  3.0

Action                   |  1- 3 |  4- 6 |  7- 9 || total
-------------------------+-------+-------+-------++-------
Melee: Spear             |   104 |    89 |       ||   193
       Headbutt          |    13 |    22 |    53 ||    88
       Trident           |       |    90 |   279 ||   369
Invok: Berserk           |       |       |     1 ||     1
  Use: Scroll            |       |       |    12 ||    12
 Stab: Sleeping          |     1 |       |     2 ||     3
  Eat: Chunk             |     1 |     4 |    12 ||    17
Armor: Animal skin       |    15 |       |       ||    15
       Scale mail        |     1 |    63 |    78 ||   142
Dodge: Dodged            |    39 |    68 |    83 ||   190
